 Dungeon Crawl Stone Soup version 0.24.1-14-gf8d2b509d9 (webtiles) character file.

Game seed: 6652581381130029001, levelgen mode: deterministic

1988200 TittyCrusher the Grand Master (level 27, 277/277 HPs)
             Began as a Naga Transmuter on Apr 19, 2024.
             Was the Champion of Cheibriados.
             Escaped with the Orb
             ... and 3 runes!
             The game lasted 03:21:39 (55367 turns).

TittyCrusher the Grand Master (Naga Transmuter)    Turns: 55367, Time: 03:21:40

Health: 277/277    AC: 33    Str: 41    XL:     27
Magic:  39/39      EV: 25    Int: 27    God:    Cheibriados [******]
Gold:   2232       SH: 20    Dex: 41    Spells: 15/51 levels left

rFire    + + .     SeeInvis +     - Unarmed
rCold    + . .     Gourm    .   Z - +3 shield {rF+}
rNeg     + + .     Faith    .   D - +2 robe "Exiam" {Regen+ Dex+3 SInv}
rPois    +         Spirit   .   g - +2 hat
rElec    +         Reflect  .   K - +1 cloak of Starlight {rElec rC+ EV+4 Stlth--}
rCorr    +         Harm     .   r - +2 pair of gloves {Str+3}
MR       ++++.                  h - +4 naga barding {Stlth+}
Stlth    ++........             Y - amulet of regeneration
HPRegen  1.36/turn              x - ring "Iqoschadgh" {rN++ rCorr Int-4 Dex+5}
MPRegen  0.26/turn              m - +6 ring of strength

@: very slow
A: large, horns 1, molten scales 1, see invisible, clumsy 1, deformed body, fire
resistance 1, magic resistance 1, poison resistance, slowness 2, slow metabolism
1, spit poison 1, strong 1, constrict 1, AC +9
0: Orb of Zot
}: 3/15 runes: serpentine, barnacled, silver
a: Spit Poison, Bend Time, Temporal Distortion, Slouch, Step From Time, Renounce
Religion


You escaped.
You worshipped Cheibriados.
Cheibriados was exalted by your worship.
You were not hungry.

You visited 10 branches of the dungeon, and saw 52 of its levels.
You visited the Abyss 1 time.
You also visited: Bailey, Volcano and Wizlab.

You collected 8741 gold pieces.
You spent 6509 gold pieces at shops.

Inventory:

Missiles
 a - 7 throwing nets
 c - 2072 arrows
 i - 2258 stones (quivered)
Armour
 g - a +2 hat (worn)
 h - a +4 naga barding of stealth (worn)
 r - a +2 pair of gloves of strength (worn)
 D - the +2 robe "Exiam" (worn) {Regen+ Dex+3 SInv}
   (You found it on level 5 of the Dungeon)

   It affects your dexterity (+3).
   It lets you see invisible.
   It increases your rate of regeneration.
 K - the +1 cloak of Starlight (worn) {rElec rC+ EV+4 Stlth--}
   (You found it in a wizard's laboratory)

   It affects your evasion (+4).
   It protects you from cold.
   It insulates you from electricity.
   It makes you much less stealthy.
 P - a +5 shield of cold resistance
 X - a +2 cloak of invisibility
 Z - a +3 shield of fire resistance (worn)
Magical Staves
 b - an uncursed staff of energy
Jewellery
 m - a +6 ring of strength (right hand)
 x - the ring "Iqoschadgh" (left hand) {rN++ rCorr Int-4 Dex+5}
   (You found it on level 3 of the Elven Halls)

   [ring of resist corrosion]

   It affects your intelligence (-4).
   It affects your dexterity (+5).
   It greatly protects you from negative energy.
   It provides partial protection from all sources of acid and corrosion.
 M - the ring of the Hippo {+Fly rF+ Stlth+}
   (You acquired it on level 2 of the Vaults)

   [ring of flight]

   It protects you from fire.
   It lets you fly.
   It makes you more stealthy.
 S - the amulet "Kinoiwyw" {Reflect MR+ SH+3}
   (You acquired it on level 11 of the Dungeon)

   [amulet of reflection]

   It shields you and reflects attacks.
   It affects your resistance to hostile enchantments.
   It affects your SH (+3).
 W - the ring "Guimud" {rPois rC+}
   (You found it on level 3 of the Elven Halls)

   [ring of poison resistance]

   It protects you from cold.
   It protects you from poison.
 Y - an amulet of regeneration (around neck)
Wands
 s - a wand of acid (9)
 v - a wand of iceblast (81)
 w - a wand of clouds (5)
 N - a wand of flame (88)
 R - a wand of digging (4)
Scrolls
 o - 11 scrolls of vulnerability
 p - 15 scrolls of immolation
 u - 30 scrolls of teleportation
 y - 3 scrolls of blinking
 z - 9 scrolls of fog
 A - 16 scrolls of fear
 F - 15 scrolls of remove curse
 G - 2 scrolls of silence
 I - 3 scrolls of holy word
 O - 6 scrolls of identify
 T - 6 scrolls of summoning
 V - 12 scrolls of magic mapping
Potions
 e - 7 potions of might
 j - 7 potions of brilliance
 k - 9 potions of heal wounds
 n - 3 potions of cancellation
 q - 39 potions of curing
 t - 6 potions of resistance
 C - 3 potions of magic
 E - 2 potions of mutation
 H - 5 potions of invisibility
 J - 8 potions of ambrosia
 L - 11 potions of lignification
 Q - 12 potions of flight
 U - 9 potions of agility
Miscellaneous
 f - a lightning rod (4/4)
 l - a lamp of fire
 B - 2 sacks of spiders
Comestibles
 d - 50 rations


   Skills:
 + Level 22.1 Fighting
 - Level 11.9 Armour
 - Level 10.0 Dodging
 - Level 14.9 Stealth
 - Level 9.0 Shields
 O Level 27 Unarmed Combat
 - Level 12.8 Spellcasting
 - Level 7.3 Charms
 - Level 7.2 Translocations
 - Level 17.6 Transmutations
   Level 5.2 Ice Magic
 - Level 5.9 Air Magic
 - Level 10.4 Earth Magic
   Level 5.0 Poison Magic
 - Level 20.5 Invocations
 - Level 9.5 Evocations


You had 15 spell levels left.
You knew the following spells:

 Your Spells              Type           Power        Failure   Level  Hunger
a - Blink                 Tloc           N/A          1%          2    None
b - Sticks to Snakes      Tmut           #######.     0%          2    None
c - Controlled Blink      Tloc           N/A          100%        8    #######
d - Regeneration          Chrm/Necr      #####.....   2%          3    None
e - Song of Slaying       Chrm           ######..     1%          2    None
f - Dragon Form           Tmut           #######...   1%          7    ######.
g - Statue Form           Tmut/Erth      #######..    1%          6    #####..
h - Deflect Missiles      Chrm/Air       ######....   32%         6    #####..

Your spell library contained the following spells:

 Spells                   Type           Power        Failure   Level  Hunger
 Beastly Appendage        Tmut           ######       0%          1    None
 Passwall                 Tmut/Erth      #######.     0%          2    None
 Freeze                   Ice            ####         1%          1    None
 Infusion                 Chrm           ####         1%          1    None
 Sting                    Conj/Pois      ####         1%          1    None
 Ensorcelled Hibernation  Hex/Ice        ####..       1%          2    None
 Poisonous Vapours        Pois/Air       #####.       1%          2    None
 Shroud of Golubria       Chrm/Tloc      ######       1%          2    None
 Swiftness                Chrm/Air       ######..     1%          2    None
 Throw Frost              Conj/Ice       ####..       1%          2    None
 Gell's Gravitas          Tloc           ######....   1%          3    None
 Ignite Poison            Fire/Tmut/Pois ######..     1%          3    None
 Lesser Beckoning         Tloc           ######....   1%          3    None
 Ozocubu's Armour         Chrm/Ice       ######..     1%          3    None
 Spider Form              Tmut/Pois      ######....   1%          3    None
 Stone Arrow              Conj/Erth      #####.       1%          3    None
 Teleport Other           Tloc           ######..     1%          3    None
 Ice Form                 Ice/Tmut       ######..     1%          4    None
 Petrify                  Tmut/Erth      #######.     1%          4    None
 Blade Hands              Tmut           #######...   1%          5    ##.....
 Lee's Rapid Deconstruct  Erth           ######....   1%          5    ##.....
 Hydra Form               Tmut           #######...   1%          6    #####..
 Mephitic Cloud           Conj/Pois/Air  #####...     2%          3    None
 Portal Projectile        Hex/Tloc       #####.       2%          3    None
 Recall                   Summ/Tloc      N/A          2%          3    None
 Spectral Weapon          Hex/Chrm       #####...     2%          3    None
 Static Discharge         Conj/Air       ####....     2%          3    None
 Irradiate                Conj/Tmut      ######....   2%          5    ##.....
 Yara's Violent Unravell  Hex/Tmut       ######....   2%          5    ##.....
 Confusing Touch          Hex            ###...       3%          1    None
 Corona                   Hex            ###....      3%          1    None
 Flame Tongue             Conj/Fire      ###..        3%          1    None
 Magic Dart               Conj           ###.         3%          1    None
 Pain                     Necr           ###.         3%          1    None
 Leda's Liquefaction      Hex/Erth       #####.....   3%          4    None
 Call Imp                 Summ           ###.....     4%          2    None
 Corpse Rot               Necr           N/A          4%          2    None
 Searing Ray              Conj           ###...       4%          2    None
 Slow                     Hex            ###.....     4%          2    None
 Sublimation of Blood     Necr           ###.......   4%          2    None
 Olgreb's Toxic Radiance  Pois           #####...     4%          4    None
 Force Lance              Conj/Tloc      #####...     8%          4    None
 Confuse                  Hex            ###.....     10%         3    None
 Conjure Flame            Conj/Fire      ###.....     10%         3    None
 Dazzling Spray           Conj/Hex       ###...       10%         3    None
 Tukima's Dance           Hex            ###.....     10%         3    None
 Summon Lightning Spire   Summ/Air       ####....     10%         4    None
 Summon Ice Beast         Ice/Summ       ####....     11%         4    None
 Throw Icicle             Conj/Ice       ####....     11%         4    None
 Excruciating Wounds      Chrm/Necr      #####.....   21%         5    ##.....
 Summon Forest            Summ/Tloc      #####.....   21%         5    ##.....
 Bolt of Magma            Conj/Fire/Erth #####.....   22%         5    ##.....
 Lightning Bolt           Conj/Air       ####......   26%         5    ##.....
 Silence                  Hex/Air        ####......   26%         5    ##.....
 Metabolic Englaciation   Hex/Ice        ####......   30%         5    ##.....
 Animate Dead             Necr           N/A          32%         4    None
 Cause Fear               Hex            ###.......   32%         4    None
 Fulminant Prism          Conj/Hex       ###.......   32%         4    None
 Iskenderun's Mystic Bla  Conj           ###.....     32%         4    None
 Venom Bolt               Conj/Pois      ####......   32%         5    ##.....
 Iron Shot                Conj/Erth      #####.....   50%         6    #####..
 Agony                    Necr           ###.....     65%         5    ##.....
 Bolt of Draining         Conj/Necr      ###.......   65%         5    ##.....
 Dispel Undead            Necr           ###.....     65%         5    ##.....
 Fireball                 Conj/Fire      ###.......   65%         5    ##.....
 Freezing Cloud           Conj/Ice/Air   #####.....   71%         6    #####..
 Conjure Ball Lightning   Conj/Air       ####......   82%         6    #####..
 Simulacrum               Ice/Necr       ####......   86%         6    #####..
 Bolt of Fire             Conj/Fire      ###.......   99%         6    #####..
 Darkness                 Hex            ###.......   99%         6    #####..
 Invisibility             Hex            ###.....     99%         6    #####..
 Ring of Flames           Chrm/Fire      #####.....   99%         7    ######.
 Necromutation            Tmut/Necr      ######....   99%         8    #######
 Haunt                    Necr/Summ      ###.......   100%        7    ######.
 Summon Hydra             Summ           ###.......   100%        7    ######.
 Borgnjor's Revivificati  Necr           ###.......   100%        8    #######
 Death's Door             Chrm/Necr      #####.....   100%        8    #######
 Disjunction              Tloc           ######....   100%        8    #######
 Ignition                 Fire           ###.......   100%        8    #######
 Infestation              Necr           ###.......   100%        8    #######
 Dragon's Call            Summ           ###.......   100%        9    #######
 Shatter                  Erth           ######....   100%        9    #######
 Tornado                  Air            #####.....   100%        9    #######
 Passage of Golubria      Tloc           Unusable     N/A         4    N/A

Dungeon Overview and Level Annotations

Branches:
Dungeon (15/15)            Temple (0/1) D:7            Lair (6/6) D:9
 Shoals (4/4) Lair:2        Snake (4/4) Lair:4        Slime (0/5) Lair:5
    Orc (2/2) D:9             Elf (3/3) Orc:2        Vaults (5/5) D:14
  Crypt (3/3) Vaults:3       Tomb (0/3) Crypt:3      Depths (5/5) D:15
    Zot (5/5) Depths:5     Bailey (visited)         Volcano (visited)
 WizLab (visited)

Altars:
Ashenzari
Cheibriados
Gozag
Kikubaaqudgha
Nemelex Xobeh
Sif Muna
Yredelemnul
Beogh

Shops:
D:5 *   D:9 *   D:11 ?}!%   Orc:2 =:*(   Elf:1 %   Elf:2 }   Elf:3 :
Snake:4 =}=   Vaults:4 (   Vaults:5 !??%!!%?   Depths:4 [

Portals:
Hell: Depths:1 Depths:2 Depths:3 Depths:4 Depths:5
Abyss: Depths:2 Depths:4
Pandemonium: Depths:1 Depths:3 Depths:5
Ziggurat: Depths:1

Annotations:
D:9 exclusion: downstairs
Lair:3 exclusion: oklob plant
Snake:3 Roxanne
Depths:2 1 runed translucent door


Innate Abilities, Weirdness & Mutations

You cannot wear boots.
Your serpentine skin is tough. (AC +9)
You have supernaturally acute eyesight. (SInv)
Armour fits poorly on your strangely shaped body.
Your system is resistant to poisons. (rPois)
You cover ground very slowly.
You have a slow metabolism.
You can spit poison.
You can use your snake-like lower body to constrict enemies.
You have a pair of small horns on your head.
You are partially covered in molten scales. (AC +2)
You are clumsy. (Dex -2)
Your flesh is heat resistant. (rF+)
You are resistant to hostile enchantments. (MR+)
Your muscles are strong. (Str +2)


Message History

Cheibriados thoroughly appreciates the change of pace.
There is an open door here.
There is a stone staircase leading up here.
You climb upwards.
There is a stone staircase leading down here.
There is a stone staircase leading up here.
You climb upwards.
There is a stone staircase leading down here.
You see here a scale mail.
You see here a +0 dagger.
There is a stone staircase leading up here.
You climb upwards.
There is a stone staircase leading down here.
There is an escape hatch in the ceiling here.
A mysterious force pulls you upwards. The hatch slams shut behind you.
There is an open door here.
There is a fountain of clear blue water here.
There is an open door here.
There is a staircase leading out of the dungeon here.
You have escaped!

##..........###########...##.....
##..###.###..#.....# #.....)####
....# #......#.8.8.## #.#.##.# #
###.# #......#..8...###.#.##.####
....# ###..###.8.8...##).......##
#########..# #........#####.##.##
#......# #.###.⌠.⌠.# #.##...
####.###.## #.#.#.....####.##.##
##........# #.'@#..8..'.......#
...##.##### #.#.#.....##.##.#.#
#####.# #.###.⌠.⌠.##.##.#.## #
#.# #........##.......). # #.#
#)8.8...####.####.## # #.#
#..8...## #.# #.# #####.#
#.8.8.## #.# #)## ......# #.....#
#.# #... #.....# ############ #.#
##..


There were no monsters in sight!

Vanquished Creatures
  4 orbs of fire (Zot:5)
  The ghost of cstieg1 the Slayer, a legendary NaGl of Cheibriados (Zot:5)
  The ghost of rjrrt the Archmage, a legendary DEFE of Vehumet (Zot:5)
  Mennas (Depths:5)
  5 ancient liches
  The ghost of cstieg1 the Slayer, a master DsMo of Yredelemnul (Zot:5)
  The ghost of billz999 the Phalangite, a legendary GnSk of Kikubaaqudgha (Zot:5)
  Bai Suzhen (Snake:3)
  Saint Roka (Depths:5)
  Frederick (Crypt:2)
  9 Killer Klowns
  3 curse toes
  10 caustic shrikes
  the Enchantress (Depths:2)
  Nikola (Depths:3)
  8 golden dragons
  2 bone dragons
  A Tzitzimitl (Depths:5)
  A Brimstone Fiend (Depths:3)
  3 liches
  5 electric golems
  13 tentacled monstrosities
  A shard shrike zombie (Crypt:3)
  25 Orb Guardians
  3 deep elf blademasters
  6 quicksilver dragons
  9 titans
  8 ancient champions
  A quicksilver dragon (shapeshifter) (Vaults:5)
  A tentacled starspawn (WizLab)
  6 sphinxes
  3 death cobs
  2 krakens (Shoals:3)
  The ghost of Barug the Brawler, an adept TrMo of Nemelex Xobeh (Depths:2)
  A shadow dragon (shapeshifter) (Vaults:5)
  17 storm dragons
  6 draconian monks
  8 tengu reavers
  11 shadow dragons
  10 nagarajas
  2 iron dragons
  Donald (Shoals:1)
  7 ghost moths
  15 frost giants
  The ghost of Atrophy the Cleaver, a journeyman NaFi of Ashenzari (Snake:1)
  7 draconian scorchers
  2 draconian shifters (Zot:3)
  2 pandemonium lords
  11 fire giants
  The ghost of Wecaes the Arsonist, a journeyman HOFE of Okawaru (Shoals:3)
  Aizul (Snake:2)
  7 draconian knights
  Louise (Elf:3)
  A black sun (Depths:4)
  6 deep elf sorcerers
  3 ghouls (Crypt:3)
  3 curse skulls
  A draconian stormcaller (Zot:2)
  14 vault wardens
  The ghost of filthincarnate the Black Belt, a journeyman OpTm of Dithmenos (Elf:1)
  4 reapers
  5 spriggan defenders
  An angel (Depths:1)
  A juggernaut skeleton (Depths:4)
  14 ironheart preservers
  2 war gargoyles
  14 very ugly things
  5 draconian annihilators
  9 deep elf elementalists
  7 caustic shrike skeletons
  21 stone giants
  An entropy weaver (Vaults:2)
  The ghost of cstieg1 the Jinx, an adept SpEn of Nemelex Xobeh (Snake:3)
  7 vampire knights
  4 deep elf demonologists
  13 green draconians
  16 black draconians
  A lorocyproca (Depths:4)
  2 pale draconians (Depths:5)
  13 deep elf annihilators
  5 purple draconians
  16 spark wasps
  5 dire elephants (Lair:6)
  2 minotaurs (D:13)
  9 white draconians
  3 merfolk javelineers
  6 red draconians
  5 yellow draconians
  5 eidola
  9 ettins
  11 fire dragons
  18 merfolk impalers
  Snorg (D:13)
  10 deep elf death magi
  8 jiangshi
  A crystal guardian (Vaults:3)
  14 yaktaur captains
  11 deep elf high priests
  Josephine (D:15)
  Erolcha (D:13)
  4 rakshasas
  11 great orbs of eyes
  A quicksilver dragon skeleton (Crypt:3)
  17 ice dragons
  A monstrous demonspawn (Depths:1)
  4 hydras
  28 vault guards
  5 spriggan air magi
  15 naga warriors
  10 centaur warriors
  2 alligator snapping turtles
  An anaconda (shapeshifter) (Vaults:5)
  A satyr (Shoals:3)
  18 anacondas
  3 merfolk avatars
  4 death knights
  57 two-headed ogres
  11 deep troll shamans
  4 merfolk aquamancers
  11 tengu warriors
  25 dancing weapons
  14 death yaks
  16 ogre magi
  13 deep troll earth magi
  10 vampire magi
  3 thrashing horrors
  An orc high priest (Orc:1)
  5 spriggan berserkers
  14 shock serpents
  10 naga sharpshooters
  A titan skeleton (Crypt:3)
  5 soul eaters
  25 deep elf knights
  7 salamander mystics
  10 hell knights
  4 small abominations
  3 shadow wraiths (Crypt:3)
  50 skeletal warriors
  An unseen horror (shapeshifter) (Vaults:1)
  6 iron trolls
  A wretched star (Abyss:4)
  32 deep trolls
  8 flayed ghosts
  A golden dragon zombie (Crypt:3)
  A storm dragon skeleton (Depths:4)
  3 swamp dragons (Depths:5)
  5 glowing orange brains
  5 unseen horrors
  17 sea snakes
  A golden dragon skeleton (Crypt:3)
  11 deep elf archers
  6 wizards
  A deep troll (shapeshifter) (Elf:3)
  A ghost moth zombie (Crypt:3)
  An obsidian statue (WizLab)
  21 ironbrand convokers
  A shadow demon (Depths:3)
  17 harpies
  4 lindwurms (Snake:4)
  2 sphinx zombies
  7 naga ritualists
  5 wolf spiders
  9 orc sorcerers
  2 orb spiders (shapeshifter)
  8 necromancers
  A manticore (shapeshifter) (Vaults:5)
  14 mana vipers
  9 phantasmal warriors
  3 shadow dragon skeletons
  2 anaconda skeletons
  10 manticores
  14 orc knights
  A worldbinder (WizLab)
  6 cyclopes
  61 deep elf magi
  A fire giant zombie (D:15)
  31 ugly things
  10 fauns
  18 moths of wrath
  14 salamanders
  A moth of wrath (shapeshifter) (Vaults:5)
  An iron dragon skeleton (Depths:4)
  A stone giant skeleton (Crypt:3)
  3 sphinx skeletons
  A salamander (shapeshifter) (Vaults:1)
  2 frost giant skeletons
  5 fire giant skeletons
  A rust devil (D:14)
  A shock serpent zombie (Crypt:1)
  An ice statue (Lair:2)
  4 elephants (Lair:6)
  5 guardian serpents (Snake:4)
  15 merfolk sirens
  6 water nymphs
  2 molten gargoyles (Volcano)
  12 vault sentinels
  4 spiny frogs
  3 gargoyles
  27 naga magi
  44 black mambas
  An orange demon (WizLab)
  2 smoke demons
  A spiny frog (shapeshifter) (Elf:3)
  A shock serpent skeleton (Crypt:2)
  2 rime drakes (Lair:6)
  A dire elephant skeleton (Crypt:3)
  2 kobold demonologists (D:15)
  A demonic crawler (Zot:2)
  8 komodo dragons
  62 yaktaurs
  2 efreet
  A sea snake zombie (Crypt:1)
  A yaktaur zombie (Vaults:3)
  2 hellions
  A komodo dragon (shapeshifter) (Depths:2)
  3 hellwings
  A purple draconian skeleton (Crypt:1)
  An entropy weaver simulacrum (Vaults:2)
  2 ice devils
  A meliai (shapeshifter) (Vaults:2)
  13 freezing wraiths
  4 polar bears (Lair:2)
  A harpy zombie (D:14)
  2 tengu conjurers (Depths:3)
  A harpy skeleton (Crypt:3)
  23 merfolk
  9 trolls
  A shadow dragon simulacrum (Vaults:3)
  6 wind drakes
  A queen bee (shapeshifter) (Vaults:5)
  A troll (shapeshifter) (Depths:1)
  A jumping spider (Vaults:2)
  A tengu simulacrum (Vaults:3)
  2 polar bears (shapeshifter) (Vaults:5)
  3 hornets
  Grinder (D:5)
  16 slime creatures
  5 blink frogs
  A death drake skeleton (Crypt:2)
  An ettin zombie (Crypt:3)
  A snapping turtle (shapeshifter) (Vaults:3)
  11 snapping turtles
  9 dream sheep
  A stone giant simulacrum (Crypt:3)
  2 bog bodies (Crypt:3)
  11 hippogriffs
  2 air elementals (Elf:2)
  3 shadows
  2 ice dragon skeletons (Crypt:3)
  3 redbacks
  2 fire dragon skeletons (Crypt:3)
  A spriggan (shapeshifter) (Depths:2)
  3 large abominations
  6 starcursed masses (WizLab)
  21 water elementals
  A tarantella (Vaults:2)
  A satyr skeleton (Crypt:3)
  4 wyverns
  2 spriggan skeletons
  A redback (shapeshifter) (D:11)
  5 fire bats
  4 spriggans
  A vampire (D:14)
  8 wraiths
  5 ettin skeletons
  8 fire elementals
  26 yaks
  5 hungry ghosts
  3 steam dragons (Depths:5)
  2 basilisks
  A wind drake skeleton (Crypt:1)
  2 spatial vortices (WizLab)
  A deep troll zombie (Crypt:1)
  A human simulacrum (Vaults:3)
  An infernal demonspawn zombie (Crypt:2)
  34 nagas
  14 wargs
  A soldier ant (shapeshifter) (Depths:2)
  26 water moccasins
  2 hell hounds (Depths:2)
  2 insubstantial wisps (WizLab)
  A gelid demonspawn skeleton (WizLab)
  A hydra simulacrum (Crypt:3)
  A torturous demonspawn skeleton (WizLab)
  9 porcupines
  A spiny frog skeleton (Crypt:3)
  39 orc warriors
  2 black bears
  An elf zombie (Vaults:3)
  A necrophage (D:8)
  10 ice beasts
  3 eyes of draining
  A phantom (D:11)
  A sky beast (D:5)
  6 boggarts
  66 ogres
  An elephant skeleton (Crypt:1)
  4 crocodiles
  22 centaurs
  A hog skeleton (Crypt:1)
  A big kobold (D:11)
  15 bullfrogs
  An elf skeleton (Crypt:1)
  3 wyvern zombies
  7 earth elementals
  A wyvern skeleton (D:9)
  5 scorpions
  A water moccasin zombie (D:6)
  A water moccasin skeleton (D:9)
  44 wights
  6 electric eels
  3 howler monkeys
  3 centaur zombies
  A bullfrog zombie (D:6)
  6 crimson imps
  7 lava snakes
  2 quasits
  7 orc priests
  6 hounds
  11 jellies
  5 centaur skeletons
  49 orc wizards
  A bullfrog skeleton (D:10)
  7 worker ants
  2 iguanas
  A big kobold zombie (Crypt:2)
  A dwarf zombie (Crypt:3)
  A hound zombie (D:9)
  A tengu skeleton (Crypt:3)
  An ogre skeleton (Crypt:2)
  3 hound skeletons
  A worker ant zombie (D:5)
  15 gnolls
  A howler monkey skeleton (D:10)
  A scorpion zombie (Crypt:2)
  17 adders
  An ogre simulacrum (Crypt:3)
  8 shadow imps
  2 white imps
  3 oozes
  A worm zombie (Crypt:1)
  An adder skeleton (D:4)
  2 worms (D:2)
  A dart slug (D:1)
  4 leopard geckos
  92 orcs
  A bat zombie (Crypt:3)
  3 giant cockroaches
  6 goblins
  10 hobgoblins
  8 jackals
  4 quokkas
  6 ball pythons
  A ball python zombie (Crypt:1)
  3 bats
  7 frilled lizards
  A jackal skeleton (D:8)
  9 kobolds
  A kobold skeleton (Crypt:2)
  12 rats
  A rat skeleton (Crypt:3)
  A rat zombie (Crypt:2)
  6 plants (Lair:6)
  8 tentacles (Shoals:3)
2537 creatures vanquished.

Vanquished Creatures (others)
  An Orb Guardian (Zot:5)
  A deep elf master archer (Elf:3)
  An eldritch tentacle (WizLab)
  A draconian scorcher (Zot:3)
  An ironheart preserver (Vaults:5)
  A stone giant (Vaults:5)
  A fire dragon (Depths:3)
  A merfolk aquamancer (Shoals:4)
  2 satyrs
  2 naga sharpshooters
  A hell knight (Depths:4)
  A deep elf knight (Vaults:2)
  2 ironbrand convokers (Vaults:2)
  4 deep elf archers
  A manticore (Shoals:3)
  3 fauns (Shoals:3)
  A cyclops (Vaults:1)
  6 yaktaurs
  A merfolk (Shoals:1)
  2 orc warriors
  A boggart (Vaults:3)
  3 centaurs
  2 orc wizards
  3 gnolls (D:13)
  3 orcs
  A bush (Lair:6)
  6 fungi
  A lurking horror (WizLab)
  10 plants
  2 starspawn tentacles (WizLab)
  8 tentacles (Shoals:3)
  20 withered plants
94 creatures vanquished.

Grand Total: 2631 creatures vanquished

Notes
Turn   | Place    | Note
-------+----------+-------------------------------------------
     0 | D:1      | TittyCrusher the Naga Transmuter began the quest for the
                  | Orb.
     0 | D:1      | Reached XP level 1. HP: 18/18 MP: 3/3
    55 | D:1      | Reached XP level 2. HP: 25/25 MP: 5/5
    59 | D:1      | Learned a level 2 spell: Sticks to Snakes
   724 | D:1      | Reached XP level 3. HP: 31/31 MP: 4/6
  1630 | D:3      | Learned a level 3 spell: Spider Form
  1659 | D:3      | Reached skill level 1 in Poison Magic
  1659 | D:3      | Reached XP level 4. HP: 38/38 MP: 7/7
  2246 | D:3      | Reached XP level 5. HP: 44/44 MP: 2/8
  2989 | D:4      | Reached skill level 5 in Poison Magic
  3033 | D:4      | Reached XP level 6. HP: 51/51 MP: 9/9
  3241 | D:4      | Learned a level 4 spell: Ice Form
  3466 | D:4      | Reached skill level 1 in Ice Magic
  3591 | D:5      | Entered Level 5 of the Dungeon
  3591 | D:5      | Noticed a sky beast
  3602 | D:5      | Killed a sky beast
  3602 | D:5      | Reached XP level 7. HP: 48/57 MP: 7/11
  3651 | D:5      | Noticed Grinder
  3664 | D:5      | Killed Grinder
  3734 | D:5      | Found Uliemyi's Assorted Antiques.
  3742 | D:5      | Bought a scroll of identify for 52 gold pieces
  3744 | D:5      | Bought a smoky ruby potion for 23 gold pieces
  3744 | D:5      | Bought a smoky ruby potion for 23 gold pieces
  3744 | D:5      | Bought a scroll labeled QYLIUP TAHIMAYNLA for 26 gold
                  | pieces
  3811 | D:5      | Reached skill level 5 in Ice Magic
  4216 | D:5      | Reached skill level 4 in Unarmed Combat
  4216 | D:5      | Reached XP level 8. HP: 21/64 MP: 12/12
  4470 | D:5      | Found an opulent altar of Gozag.
  4810 | D:5      | Got a sheer robe
  5096 | D:6      | Reached skill level 5 in Unarmed Combat
  5242 | D:6      | Reached skill level 6 in Unarmed Combat
  5321 | D:6      | Identified the +2 robe "Exiam" {Regen+ Dex+3 SInv} (You
                  | found it on level 5 of the Dungeon)
  5414 | D:6      | Found a snail-covered altar of Cheibriados.
  5418 | D:6      | Became a worshipper of Cheibriados the Contemplative
  5650 | D:7      | Reached skill level 7 in Unarmed Combat
  5734 | D:7      | Reached skill level 8 in Unarmed Combat
  5734 | D:7      | Reached XP level 9. HP: 48/70 MP: 13/13
  5808 | D:7      | Noticed a two-headed ogre
  5823 | D:7      | Killed a two-headed ogre
  5823 | D:7      | Reached skill level 9 in Unarmed Combat
  5870 | D:7      | Got a scorched scale mail
  6004 | D:7      | Found a staircase to the Ecumenical Temple.
  6114 | D:7      | Reached * piety under Cheibriados
  6143 | D:7      | Reached skill level 10 in Unarmed Combat
  6250 | D:8      | Found a flagged portal.
  6256 | Bailey   | Entered a bailey
  6515 | D:8      | Reached skill level 11 in Unarmed Combat
  6674 | D:8      | Reached XP level 10. HP: 78/78 MP: 10/14
  6817 | D:8      | Learned a level 2 spell: Song of Slaying
  7116 | D:9      | Reached skill level 1 in Charms
  7221 | D:9      | Reached ** piety under Cheibriados
  7395 | D:9      | Found a staircase to the Orcish Mines.
  7537 | D:9      | Reached skill level 12 in Unarmed Combat
  7572 | D:9      | Found Quklooj's General Store.
  7578 | D:9      | Bought a potion of mutation for 112 gold pieces
  7578 | D:9      | Gained mutation: Your body sometimes deteriorates upon
                  | taking damage. [potion of mutation]
  7578 | D:9      | Gained mutation: Your muscles are strong. (Str +2) [potion
                  | of mutation]
  7578 | D:9      | Gained mutation: You are partially covered in molten
                  | scales. (AC +2) [potion of mutation]
  7578 | D:9      | Gained mutation: You evolve. [potion of mutation]
  7598 | D:9      | Found a staircase to the Lair.
  7702 | D:9      | Bought a potion of cancellation for 112 gold pieces
  7702 | D:9      | Bought a scroll of teleportation for 42 gold pieces
  7702 | D:9      | Bought a scroll of identify for 28 gold pieces
  7886 | D:9      | Gained mutation: You expend magic power (3 MP) to
                  | strengthen your wands. [evolution]
  7944 | D:10     | Entered Level 10 of the Dungeon
  7944 | D:10     | Noticed an ogre mage
  7944 | D:10     | Noticed a two-headed ogre
  7944 | D:10     | Noticed a two-headed ogre
  7944 | D:10     | Noticed a two-headed ogre
  7944 | D:10     | Noticed a two-headed ogre
  7944 | D:10     | Noticed a two-headed ogre
  7953 | D:9      | Killed a two-headed ogre
  8065 | Lair:1   | Entered Level 1 of the Lair of Beasts
  8081 | Lair:1   | Noticed a spiny frog
  8090 | Lair:1   | Killed a spiny frog
  8109 | Lair:1   | Reached skill level 13 in Unarmed Combat
  8163 | Lair:1   | Reached skill level 5 in Transmutations
  8167 | Lair:1   | Noticed a spiny frog
  8169 | Lair:1   | Reached XP level 11. HP: 84/84 MP: 11/15
  8172 | Lair:1   | Reached *** piety under Cheibriados
  8263 | Lair:1   | Noticed a four-headed hydra
  8270 | Lair:1   | Killed a four-headed hydra
  8944 | Lair:2   | Reached skill level 5 in Invocations
  9067 | Lair:2   | Found a staircase to the Shoals.
  9484 | Lair:2   | Noticed an ice dragon
  9500 | Lair:2   | Killed an ice dragon
  9661 | Lair:2   | Identified the cursed +1 scale mail "Zaiweaca" {rF+ Dex+3}
                  | (You found it on level 7 of the Dungeon)
  9697 | Lair:2   | You fall into a shaft and drop 2 floors!
 10050 | Lair:3   | Reached **** piety under Cheibriados
 10237 | Lair:3   | Noticed an oklob plant
 10272 | Lair:3   | Found a shimmering blue altar of Sif Muna.
 10500 | Lair:3   | Reached XP level 12. HP: 88/91 MP: 13/18
 10699 | Lair:3   | Learned a level 5 spell: Blade Hands
 10986 | Lair:4   | Reached skill level 5 in Spellcasting
 11123 | Lair:4   | Found a staircase to the Snake Pit.
 11130 | Lair:4   | Noticed a death yak
 11140 | Lair:4   | Noticed a death yak
 11147 | Lair:4   | Killed a death yak
 11152 | Lair:4   | Noticed a death yak
 11291 | Lair:3   | Learned a level 6 spell: Statue Form
 11359 | Lair:4   | Noticed a death yak
 11362 | Lair:4   | Noticed a death yak
 11377 | Lair:4   | Killed a death yak
 11381 | Lair:4   | Killed a death yak
 11383 | Lair:4   | Killed a death yak
 11387 | Lair:4   | Killed a death yak
 11388 | Lair:4   | Reached skill level 5 in Earth Magic
 11797 | Lair:5   | Found a dark tunnel.
 11813 | Volcano  | Entered a volcano
 12085 | Volcano  | Found a radiant altar of Vehumet.
 12095 | Volcano  | Noticed a stone giant
 12096 | Volcano  | Reached ***** piety under Cheibriados
 12106 | Volcano  | Killed a stone giant
 12582 | Lair:5   | Found a staircase to the Slime Pits.
 13097 | Lair:5   | You fall into a shaft and drop 1 floor!
 13097 | Lair:6   | Entered Level 6 of the Lair of Beasts
 13167 | Lair:6   | Gained mutation: You can use your snake-like lower body to
                  | constrict enemies. [Naga growth]
 13167 | Lair:6   | Reached XP level 13. HP: 97/97 MP: 18/22
 13244 | Lair:6   | Got a transparent shield
 13808 | Lair:6   | Gained mutation: You are dopey. (Int -2) [evolution]
 13889 | Lair:6   | Identified the +0 shield of the Dungeon {+Inv rPois rF-
                  | Stlth-} (You found it on level 6 of the Lair of Beasts)
 14322 | Lair:6   | Noticed a dire elephant
 14322 | Lair:6   | Noticed a dire elephant
 14331 | Lair:6   | Killed a dire elephant
 14337 | Lair:6   | Killed a dire elephant
 14337 | Lair:6   | Reached skill level 10 in Earth Magic
 14674 | Lair:6   | Noticed a dire elephant
 14688 | Lair:6   | Killed a dire elephant
 14688 | Lair:6   | Reached skill level 10 in Transmutations
 14743 | Lair:6   | Noticed a dire elephant
 14754 | Lair:6   | Killed a dire elephant
 15174 | D:10     | Found the +7 lajatang of Order {silver, rMut}
 15210 | D:10     | Reached skill level 1 in Shields
 15264 | D:10     | Reached XP level 14. HP: 105/105 MP: 18/23
 15790 | D:11     | Reached skill level 5 in Shields
 15898 | D:11     | Reached ****** piety under Cheibriados
 16000 | D:11     | Lost mutation: Your body sometimes deteriorates upon taking
                  | damage. [evolution]
 16026 | D:11     | Noticed a stone giant
 16033 | D:11     | Killed a stone giant
 16143 | D:11     | Noticed a frost giant
 16149 | D:11     | Killed a frost giant
 16236 | D:11     | Got a twitching copper ring
 16238 | D:11     | Identified the ring "Ugyss" {+Fly MR+} (You found it on
                  | level 11 of the Dungeon)
 16274 | D:11     | Learned a level 2 spell: Blink
 16320 | D:11     | Got a brightly glowing bronze amulet
 16321 | D:11     | Identified the amulet "Ceahios" {Harm *Drain +Blink rF-
                  | SInv Stlth+} (You found it on level 11 of the Dungeon)
 16459 | D:11     | Noticed a storm dragon
 16468 | D:11     | Killed a storm dragon
 16468 | D:11     | Reached skill level 10 in Invocations
 16574 | D:11     | Found Loerefaa's Distillery.
 16583 | D:11     | Bought a potion of lignification for 36 gold pieces
 16627 | D:11     | Found Mystiat's Food Emporium.
 16733 | D:11     | Found Moka's Gadget Emporium.
 16801 | D:11     | Found Mengeyj's Magic Scroll Shop.
 16808 | D:11     | Bought a scroll of acquirement for 728 gold pieces
 16809 | D:11     | Got a brightly glowing jade amulet
 16812 | D:11     | Identified the amulet "Kinoiwyw" {Reflect MR+ SH+3} (You
                  | acquired it on level 11 of the Dungeon)
 16935 | Orc:1    | Entered Level 1 of the Orcish Mines
 17059 | Orc:2    | Entered Level 2 of the Orcish Mines
 17144 | Orc:2    | Lost mutation: You are dopey. (Int -2) [evolution]
 17433 | Orc:1    | Reached XP level 15. HP: 111/111 MP: 16/24
 18065 | Orc:2    | Reached skill level 14 in Unarmed Combat
 18085 | Orc:2    | Found Laell's Antique Weapon Shoppe.
 18087 | Orc:2    | Found Sosug's General Store.
 18162 | Orc:2    | Found a roughly hewn altar of Beogh.
 18186 | Orc:2    | Found Sutteig's Jewellery Shop.
 18186 | Orc:2    | Found Paagov's Book Shoppe.
 18303 | Orc:2    | Found a staircase to the Elven Halls.
 18676 | D:11     | Bought a scroll of acquirement for 728 gold pieces
 18797 | Orc:2    | Bought a +1 cloak of invisibility for 214 gold pieces
 19748 | D:13     | Noticed Erolcha
 19755 | D:13     | Killed Erolcha
 20367 | D:13     | Got an ancient scale mail
 20540 | D:13     | Gained mutation: You are covered in fur. (AC +1)
                  | [evolution]
 20562 | D:13     | Reached XP level 16. HP: 118/118 MP: 22/26
 20729 | D:13     | Noticed Snorg
 20737 | D:13     | Killed Snorg
 21123 | D:13     | Reached skill level 5 in Dodging
 21513 | D:14     | Found a gate to the Vaults.
 21755 | D:14     | Found a sparkling altar of Nemelex Xobeh.
 21998 | D:15     | Entered Level 15 of the Dungeon
 22037 | D:15     | Found a staircase to the Depths.
 22208 | D:15     | Noticed Josephine
 22218 | D:15     | Killed Josephine
 22815 | D:15     | Identified the +0 scale mail of a volcano {rPois} (You
                  | found it on level 13 of the Dungeon)
 23041 | Elf:1    | Entered Level 1 of the Elven Halls
 23155 | Elf:1    | Reached skill level 10 in Dodging
 23265 | Elf:1    | Reached XP level 17. HP: 130/135 MP: 22/27
 23271 | Elf:1    | Reached skill level 5 in Fighting
 23278 | Elf:1    | Identified the Tome of Combat Magic
 23302 | Elf:1    | Found Dacug's Food Emporium.
 23382 | Elf:1    | Found a runed translucent gate.
 23383 | Elf:1    | Found a runed translucent gate.
 23383 | Elf:1    | Found a runed translucent gate.
 23384 | Elf:1    | Noticed filthincarnate's ghost (journeyman OpTm)
 23417 | Elf:1    | Killed filthincarnate's ghost
 23978 | Elf:2    | Found Beheyq's Gadget Shoppe.
 24083 | Elf:2    | Found a huge runed translucent gate.
 24083 | Elf:2    | Found a huge runed translucent gate.
 24083 | Elf:2    | Found a huge runed translucent gate.
 24086 | Elf:2    | Found a huge runed translucent gate.
 24087 | Elf:2    | Found a huge runed translucent gate.
 24505 | Elf:2    | Lost mutation: You expend magic power (3 MP) to strengthen
                  | your wands. [evolution]
 24784 | Elf:2    | Noticed a deep elf blademaster
 24787 | Elf:2    | Reached skill level 10 in Spellcasting
 24789 | Elf:2    | Killed a deep elf blademaster
 25092 | Elf:3    | Entered Level 3 of the Elven Halls
 25153 | Elf:3    | Reached XP level 18. HP: 154/154 MP: 32/32
 25340 | Elf:3    | Found Dyal's Book Shoppe.
 25548 | Elf:3    | Noticed Louise
 25554 | Elf:3    | Killed Louise
 25764 | Elf:3    | Noticed a deep elf master archer
 25765 | Elf:3    | Killed a deep elf master archer
 25765 | Elf:3    | Reached skill level 15 in Unarmed Combat
 25816 | Elf:3    | Noticed a deep elf blademaster
 25821 | Elf:3    | Killed a deep elf blademaster
 25871 | Elf:3    | Reached skill level 16 in Unarmed Combat
 25876 | Elf:3    | Noticed a deep elf blademaster
 25880 | Elf:3    | Killed a deep elf blademaster
 26114 | Elf:3    | Identified the +7 flail of Izutwasi {crush, rF++ Stlth+}
 26354 | Elf:3    | Reached skill level 17 in Unarmed Combat
 26356 | Elf:3    | Lost mutation: You are covered in fur. (AC +1) [evolution]
 26523 | Elf:3    | Reached skill level 1 in Armour
 26544 | Elf:3    | Identified Zosteun's Volume of Protection and Intoxication
 26553 | Elf:3    | Got a warped pewter ring
 26554 | Elf:3    | Identified the ring "Iqoschadgh" {rN++ rCorr Int-4 Dex+5}
                  | (You found it on level 3 of the Elven Halls)
 26618 | Elf:3    | Got a faintly glowing jade ring
 26619 | Elf:3    | Identified the ring "Guimud" {rPois rC+} (You found it on
                  | level 3 of the Elven Halls)
 26881 | Snake:1  | Entered Level 1 of the Snake Pit
 27195 | Snake:1  | Reached skill level 5 in Armour
 27408 | Snake:1  | Found a runed translucent door.
 27590 | Snake:1  | Noticed Atrophy's ghost (journeyman NaFi)
 27600 | Snake:1  | Killed Atrophy's ghost
 27978 | Snake:2  | Noticed Aizul
 27984 | Snake:2  | Killed Aizul
 27984 | Snake:2  | Reached XP level 19. HP: 160/160 MP: 33/33
 28302 | Snake:2  | Gained mutation: You have a pair of small horns on your
                  | head. [evolution]
 28529 | Lair:6   | Reached skill level 10 in Armour
 28776 | Snake:3  | Identified Roxanne's Catalogue of Moulding
 28776 | Snake:3  | Noticed Roxanne
 29388 | Snake:3  | Found a large runed translucent door.
 29395 | Snake:3  | Found a large runed translucent door.
 29403 | Snake:3  | Noticed cstieg1's ghost (adept SpEn)
 29411 | Snake:3  | Killed cstieg1's ghost
 29449 | Snake:3  | Noticed Bai Suzhen
 29458 | Snake:3  | Killed Bai Suzhen
 29856 | Snake:4  | Entered Level 4 of the Snake Pit
 29881 | Snake:4  | Reached skill level 18 in Unarmed Combat
 30240 | Snake:4  | Gained mutation: Your flesh is heat resistant. (rF+)
                  | [evolution]
 30328 | Snake:4  | Found Zenunweusch's Jewellery Emporium.
 30328 | Snake:4  | Found Ruwomoal's Gadget Shop.
 30329 | Snake:4  | Found Civiom's Jewellery Emporium.
 30435 | Snake:4  | Reached XP level 20. HP: 169/169 MP: 30/34
 30574 | Snake:4  | Reached skill level 19 in Unarmed Combat
 31055 | Snake:4  | Reached skill level 20 in Unarmed Combat
 31063 | Snake:4  | Got a serpentine rune of Zot
 31359 | Shoals:1 | Entered Level 1 of the Shoals
 31638 | Shoals:1 | Noticed Donald
 31643 | Shoals:1 | Killed Donald
 32880 | Shoals:3 | Reached XP level 21. HP: 175/175 MP: 31/36
 33408 | Shoals:3 | Found a runed translucent door.
 33408 | Shoals:3 | Noticed Wecaes's ghost (journeyman HOFE)
 33552 | Shoals:3 | Killed Wecaes's ghost
 33595 | Shoals:4 | Entered Level 4 of the Shoals
 33698 | Shoals:4 | Identified Warevy's Handbook of the Glacier and the Voyage
 33712 | Shoals:4 | Learned a level 8 spell: Controlled Blink
 33737 | Shoals:4 | Reached skill level 1 in Translocations
 33764 | Shoals:4 | Gained mutation: You are resistant to hostile enchantments.
                  | (MR+) [evolution]
 33764 | Shoals:4 | Lost mutation: You evolve. [end of evolution]
 33999 | Shoals:4 | Reached skill level 5 in Translocations
 34024 | Shoals:4 | Got a barnacled rune of Zot
 34110 | Shoals:4 | Identified the ring "Ceummoimm" {+Fly Int+7} (You found it
                  | on level 4 of the Shoals)
 34606 | Vaults:1 | Entered Level 1 of the Vaults
 34868 | Vaults:1 | Reached skill level 10 in Fighting
 34921 | Vaults:1 | Reached XP level 22. HP: 193/193 MP: 38/38
 36175 | Vaults:2 | Learned a level 3 spell: Regeneration
 36461 | Vaults:2 | Identified the ring of the Hippo {+Fly rF+ Stlth+} (You
                  | acquired it on level 2 of the Vaults)
 37160 | Vaults:3 | Identified the +1 ring mail "Ydax" {Dex+5} (You found it on
                  | level 3 of the Vaults)
 37247 | Vaults:3 | Identified the +2 robe of the Hunter {-Cast rElec rC+}
 37345 | Vaults:3 | Reached XP level 23. HP: 211/211 MP: 39/39
 38102 | Vaults:3 | Found a staircase to the Crypt.
 38102 | Vaults:3 | Found an ancient bone altar of Kikubaaqudgha.
 38103 | Vaults:3 | Found a basalt altar of Yredelemnul.
 38296 | Crypt:1  | Entered Level 1 of the Crypt
 38515 | Crypt:1  | Reached skill level 21 in Unarmed Combat
 38934 | Crypt:1  | Reached skill level 1 in Evocations
 39334 | Crypt:2  | Identified the +3 robe of Rotation {rF+ SInv} (You found it
                  | on level 2 of the Crypt)
 39399 | Crypt:2  | Noticed Frederick
 39404 | Crypt:2  | Killed Frederick
 39404 | Crypt:2  | Reached skill level 5 in Evocations
 39696 | Crypt:3  | Entered Level 3 of the Crypt
 39970 | Crypt:3  | Found a basalt altar of Yredelemnul.
 40313 | Crypt:3  | Reached XP level 24. HP: 218/218 MP: 39/39
 40483 | Crypt:3  | Noticed an ancient lich
 40485 | Crypt:3  | Killed an ancient lich
 40492 | Crypt:3  | Identified the amulet "Hethroj" {Faith *Contam MP+9 Stlth+}
                  | (You found it on level 3 of the Crypt)
 40495 | Crypt:3  | Identified the Papyrus of the Inquisitive Emperors
 40495 | Crypt:3  | Identified the ring "Vuthruxt" {rElec rN+ MP+9 Dex+3}
 40505 | Crypt:3  | Reached skill level 22 in Unarmed Combat
 40717 | Crypt:3  | Noticed a curse toe
 40722 | Crypt:3  | Killed a curse toe
 40790 | Crypt:3  | Identified the ring of Niypnuawk {rN+ Int+2 Slay+2} (You
                  | found it on level 3 of the Crypt)
 40890 | Crypt:3  | Found a staircase to the Tomb.
 41014 | Vaults:4 | Found Ufejik's Weapon Shoppe.
 41668 | Vaults:4 | Reached skill level 23 in Unarmed Combat
 41808 | Vaults:5 | Entered Level 5 of the Vaults
 41869 | Vaults:5 | Reached XP level 25. HP: 82/225 MP: 29/39
 41871 | Vaults:5 | Reached skill level 24 in Unarmed Combat
 42142 | Vaults:5 | Noticed an ancient lich
 42148 | Vaults:5 | Killed an ancient lich
 42164 | Vaults:5 | Reached skill level 25 in Unarmed Combat
 42274 | Vaults:5 | Identified the +3 robe of Kimig {rC+ rN+} (You found it on
                  | level 5 of the Vaults)
 42452 | Vaults:5 | Got a silver rune of Zot
 42550 | Vaults:5 | Found Toom's Distillery.
 42554 | Vaults:5 | Bought a potion of resistance for 150 gold pieces
 42554 | Vaults:5 | Bought a potion of curing for 45 gold pieces
 42554 | Vaults:5 | Bought a potion of invisibility for 120 gold pieces
 42554 | Vaults:5 | Bought a potion of might for 60 gold pieces
 42554 | Vaults:5 | Bought a potion of flight for 45 gold pieces
 42885 | Vaults:5 | Identified the +11 shortbow of Fate {speed, rPois rF++ rN+
                  | MR-}
 42934 | Vaults:5 | Found Toenataa's Food Shop.
 42934 | Vaults:5 | Found Zana's Magic Scroll Emporium.
 42945 | Vaults:5 | Bought a scroll of teleportation for 57 gold pieces
 42945 | Vaults:5 | Bought a scroll of summoning for 180 gold pieces
 42945 | Vaults:5 | Bought a scroll of fear for 66 gold pieces
 42945 | Vaults:5 | Bought a scroll of magic mapping for 66 gold pieces
 43064 | Vaults:5 | Bought a scroll of enchant armour for 142 gold pieces
 43064 | Vaults:5 | Bought a scroll of holy word for 142 gold pieces
 43076 | Vaults:5 | Found Utanlog's Distillery.
 43080 | Vaults:5 | Bought a potion of curing for 63 gold pieces
 43080 | Vaults:5 | Bought a potion of curing for 63 gold pieces
 43080 | Vaults:5 | Bought 2 potions of heal wounds for 210 gold pieces
 43080 | Vaults:5 | Bought a potion of flight for 63 gold pieces
 43080 | Vaults:5 | Bought a potion of flight for 63 gold pieces
 43080 | Vaults:5 | Bought a potion of curing for 63 gold pieces
 43080 | Vaults:5 | Bought a potion of agility for 84 gold pieces
 43080 | Vaults:5 | Bought 2 potions of agility for 168 gold pieces
 43092 | Vaults:5 | Found Torghuabi's Magic Scroll Shoppe.
 43092 | Vaults:5 | Found Yrrucvud's Magic Scroll Boutique.
 43096 | Vaults:5 | Bought a scroll of magic mapping for 49 gold pieces
 43096 | Vaults:5 | Bought a scroll of magic mapping for 49 gold pieces
 43096 | Vaults:5 | Bought a scroll of enchant armour for 105 gold pieces
 43096 | Vaults:5 | Bought a scroll of teleportation for 42 gold pieces
 43096 | Vaults:5 | Bought a scroll of fog for 28 gold pieces
 43106 | Vaults:5 | Bought 2 scrolls of summoning for 266 gold pieces
 43106 | Vaults:5 | Bought a scroll of teleportation for 42 gold pieces
 43106 | Vaults:5 | Bought a scroll of summoning for 133 gold pieces
 43106 | Vaults:5 | Bought a scroll of teleportation for 42 gold pieces
 43106 | Vaults:5 | Bought a scroll of enchant armour for 105 gold pieces
 43119 | Vaults:5 | Found Rauwucw's Food Boutique.
 43119 | Vaults:5 | Found Cun Isih's Distillery.
 43130 | Vaults:5 | Bought a potion of curing for 54 gold pieces
 43130 | Vaults:5 | Bought a potion of might for 72 gold pieces
 43130 | Vaults:5 | Bought a potion of curing for 54 gold pieces
 43130 | Vaults:5 | Bought a potion of agility for 72 gold pieces
 43130 | Vaults:5 | Bought a potion of curing for 54 gold pieces
 43130 | Vaults:5 | Bought a potion of might for 72 gold pieces
 43130 | Vaults:5 | Bought a potion of curing for 54 gold pieces
 43130 | Vaults:5 | Bought 2 potions of heal wounds for 180 gold pieces
 43130 | Vaults:5 | Bought a potion of resistance for 180 gold pieces
 43441 | Depths:1 | Entered Level 1 of the Depths
 43466 | Depths:1 | Found a magical portal.
 43478 | WizLab   | Found a transporter.
 43481 | WizLab   | Found a corrupted altar of Lugonu.
 43482 | WizLab   | Found the +1 cloak of Starlight {rElec rC+ EV+4 Stlth--}
 43506 | WizLab   | Found a transporter.
 43529 | WizLab   | Found a transporter.
 43536 | WizLab   | Found a transporter.
 43605 | WizLab   | Found a corrupted altar of Lugonu.
 43637 | WizLab   | Found a transporter.
 43663 | WizLab   | Found a transporter.
 43682 | WizLab   | Found a transporter.
 43701 | WizLab   | Found a transporter.
 43701 | WizLab   | Found a transporter.
 43734 | WizLab   | Found a transporter.
 43767 | WizLab   | Found a transporter.
 43802 | WizLab   | Found a transporter.
 43809 | WizLab   | Found a transporter.
 43836 | WizLab   | Found a transporter.
 44009 | WizLab   | Found a transporter.
 44022 | WizLab   | Identified Golubria's Reference Book on Orientation
 44032 | WizLab   | Found a transporter.
 44032 | WizLab   | Found a transporter.
 44065 | WizLab   | Found a transporter.
 44065 | WizLab   | Found a transporter.
 44088 | WizLab   | Found a transporter.
 44091 | WizLab   | Cast into level 4 of the Abyss (the eldritch tentacle)
 44091 | Abyss:4  | Found a corrupted altar of Lugonu.
 44131 | WizLab   | Escaped the Abyss
 44157 | WizLab   | Got a jewelled cloak
 44158 | WizLab   | Identified the +0 cloak "Limemnot" {-Cast rN+++ rCorr
                  | Str+6} (You found it in a wizard's laboratory)
 44163 | WizLab   | Identified Lom Lobon's Almanac of the Voyage
 44342 | Depths:1 | Reached skill level 26 in Unarmed Combat
 44365 | Depths:1 | Reached XP level 26. HP: 143/234 MP: 26/39
 44844 | Snake:4  | Bought an uncursed amulet of regeneration for 480 gold
                  | pieces
 45330 | Depths:1 | Found a gateway to Hell.
 45377 | Depths:1 | Found a gateway to a ziggurat.
 45535 | Depths:1 | Identified the amulet of the Rabble {Spirit Str+6} (You
                  | found it on level 1 of the Depths)
 45689 | Depths:1 | Found a one-way gate leading to the halls of Pandemonium.
 45941 | Depths:2 | Noticed the Enchantress
 45948 | Depths:2 | Killed the Enchantress
 46001 | Depths:2 | Found a runed translucent door.
 46012 | Depths:2 | Noticed Barug's ghost (adept TrMo)
 46012 | Depths:2 | Noticed an ancient lich
 46025 | Depths:2 | Killed an ancient lich
 46034 | Depths:2 | Killed Barug's ghost
 46053 | Depths:2 | Reached skill level 27 in Unarmed Combat
 46074 | Depths:2 | Found a runed translucent door.
 46080 | Depths:2 | Identified the +10 quarterstaff of Midwinter {venom, Str+7
                  | Int+4}
 46255 | Depths:2 | Found a one-way gate to the infinite horrors of the Abyss.
 46417 | Depths:2 | Reached skill level 15 in Fighting
 46653 | Depths:2 | Learned a level 7 spell: Dragon Form
 47006 | Depths:3 | Reached skill level 15 in Transmutations
 47006 | Depths:3 | Reached XP level 27. HP: 248/248 MP: 30/39
 47009 | Depths:3 | Identified the +7 hand crossbow of the Firefly {speed,
                  | Dex+3}
 47019 | Depths:3 | Noticed Nikola
 47024 | Depths:3 | Killed Nikola
 47686 | Depths:4 | Found Lefued's Armour Boutique.
 47778 | Depths:4 | Found a shattered altar of Ashenzari.
 47954 | Depths:4 | Identified the +1 robe of the Iron Devil {rElec Int+2}
 48691 | Depths:5 | Entered Level 5 of the Depths
 48705 | Depths:5 | Noticed Saint Roka
 48717 | Depths:5 | Killed Saint Roka
 48859 | Depths:5 | Noticed Mennas
 48872 | Depths:5 | Killed Mennas
 48946 | Depths:5 | Found a gate to the Realm of Zot.
 49051 | Depths:5 | Identified Sif Muna's Almanac of Poisonous Hexes
 49877 | D:11     | Bought a potion of ambrosia for 96 gold pieces
 49877 | D:11     | Bought a potion of heal wounds for 60 gold pieces
 49877 | D:11     | Bought a potion of agility for 48 gold pieces
 49877 | D:11     | Bought a potion of curing for 36 gold pieces
 49987 | Orc:2    | Bought a potion of curing for 39 gold pieces
 49987 | Orc:2    | Bought a scroll of summoning for 123 gold pieces
 50351 | Zot:1    | Entered Level 1 of the Realm of Zot
 50629 | Zot:1    | Reached skill level 5 in Stealth
 51304 | Zot:2    | Reached skill level 10 in Stealth
 52768 | Zot:3    | Learned a level 6 spell: Deflect Missiles
 52874 | Zot:3    | Reached skill level 1 in Air Magic
 53093 | Zot:4    | Reached skill level 5 in Charms
 53544 | Zot:4    | Reached skill level 5 in Air Magic
 53804 | Zot:5    | Entered Level 5 of the Realm of Zot
 53831 | Zot:5    | Found a runed translucent gate.
 53832 | Zot:5    | Found a runed translucent gate.
 53832 | Zot:5    | Found a runed translucent gate.
 53833 | Zot:5    | Noticed cstieg1's ghost (legendary NaGl)
 53834 | Zot:5    | Noticed cstieg1's ghost (master DsMo)
 53834 | Zot:5    | Noticed rjrrt's ghost (legendary DEFE)
 53834 | Zot:5    | Noticed billz999's ghost (legendary GnSk)
 53985 | Zot:5    | Killed billz999's ghost
 53990 | Zot:5    | Killed cstieg1's ghost
 53994 | Zot:5    | Killed rjrrt's ghost
 54001 | Zot:5    | Killed cstieg1's ghost
 54066 | Zot:5    | Identified the ring "Cesios" {rF+ Stlth+} (You found it on
                  | level 5 of the Realm of Zot)
 54075 | Zot:5    | Got a brightly glowing lead amulet
 54076 | Zot:5    | Identified the amulet "Kiom Zox" {Inacc rElec Int+3} (You
                  | found it on level 5 of the Realm of Zot)
 54261 | Zot:5    | Reached skill level 15 in Invocations
 54351 | Zot:5    | Noticed an ancient lich
 54360 | Zot:5    | Killed an ancient lich
 54389 | Zot:5    | Noticed an orb of fire
 54396 | Zot:5    | Killed an orb of fire
 54404 | Zot:5    | Noticed an orb of fire
 54407 | Zot:5    | Noticed an orb of fire
 54409 | Zot:5    | Noticed an orb of fire
 54414 | Zot:5    | Killed an orb of fire
 54418 | Zot:5    | Gained mutation: You are clumsy. (Dex -2) [an orb of fire]
 54419 | Zot:5    | Killed an orb of fire
 54427 | Zot:5    | Killed an orb of fire
 54563 | Zot:5    | Noticed an ancient lich
 54571 | Zot:5    | Killed an ancient lich
 54652 | Zot:5    | Got the Orb of Zot
 54743 | Zot:2    | Noticed Zoinah the pandemonium lord
 54749 | Zot:2    | Killed Zoinah the pandemonium lord
 55076 | D:14     | Noticed Soysua the pandemonium lord
 55080 | D:14     | Killed Soysua the pandemonium lord
 55367 | D:$      | Escaped with the Orb!

Levels and vault maps discovered:
D:1:      ncdulo_halloftheorcs, layout_loops_ring, minivault_27, minmay_bisected
D:2:      layout_basic
D:3:      layout_basic, grunt_decor_one_mirror, minivault_14
D:4:      layout_loops_corners, first_ration
D:5:      layout_gridville, serial_shops, shop, grunt_gozag_breadcrumbs,
          uniq_grinder
D:6:      layout_loops_ring, lemuel_crystal_altar, roderic_st_hans_cross
D:7:      layout_rooms, minmay_temple_entry_gardened_gates, the_bakery,
          minmay_a_box_with_orc_wizards_in_it
D:8:      minmay_evil_eye, layout_loops_ring, enter_bailey_1
D:9:      layout_basic, lair_entry_dummy, minmay_orc_entry_guard_dogs,
          serial_shops, shop_fountains
D:10:     layout_roguey, kennysheep_big_empty_room
D:11:     minmay_box_of_curves, layout_basic, serial_shops, shop_statue, shop,
          kennysheep_little_box, nicolae_shop_stone, fungi_pond_lemuel
D:12:     layout_grid_maze
D:13:     fort_yaktaur, layout_stronghold, uniq_erolcha, uniq_snorg
D:14:     layout_roguey, skrybe_vaults_entry_preservation, lemuel_statue_altar,
          minivault_23, minivault_11, grunt_potential
D:15:     gammafunk_depths_entry_grave, layout_irregular_city,
          hangedman_abyss_or_decor_passed, minmay_misc_feat_four_crosses,
          uniq_josephine
Lair:1:   layout_regular_city, grunt_megastairs_3
Lair:2:   layout_gridlike, minmay_shoals_entry_hut, ice2_lemuel
Lair:3:   layout_gridlike, lemuel_altar_in_water2
Lair:4:   layout_roguey, minmay_snake_entry_six_corridors, lookout_lair_type,
          columned_hall_lemuel, serial_bayou_shore_a
Lair:5:   layout_cave_pods, nicolae_slime_entry_slimehenge,
          nicolae_volcano_entry_batcave, serial_bayou_shore_b
Lair:6:   due_jungle_book, layout_misc_corridors, hibernation_bobbens,
          grunt_megastairs_5
Shoals:1: cheibrodos_shoals_epimethial_gifts, layout_shoals, uniq_donald
Shoals:2: layout_shoals, nicolae_shoals_loop_pool
Shoals:3: layout_shoals, ebering_ghost_inner_flame
Shoals:4: shoals_end_simple, layout_shoals
Snake:1:  minmay_snake_river, layout_concentric_octagons,
          ebering_ghost_reflecting_pool
Snake:2:  layout_misc_corridors, lemuel_fruit_tree, serial_bayou_shore_b,
          uniq_aizul
Snake:3:  layout_chambers, ebering_ghost_disaster_area, uniq_bai_suzhen,
          uniq_roxanne
Snake:4:  snake_pit_salamanders_mu, layout_onion_interference, minmay_shop_grove
Orc:1:    lemuel_ogre_cave, layout_caves
Orc:2:    st_orc_town, layout_diamond_mine
Elf:1:    eino_elf_arrival_shootout, layout_geoelf_diagonals, serial_shops,
          shop, gammafunk_ghost_split, minmay_elf_annihilation
Elf:2:    layout_geoelf_grid, serial_shops, shop, minmay_the_grid_2x2
          [minmay_the_grid_small_cups, minmay_the_grid_medium_cups,
          minmay_the_grid_plusring, minmay_the_grid_prize_diamond_cup]
Elf:3:    minmay_elf_hall_hex, layout_onion_city, serial_shops, shop,
          uniq_louise
Vaults:1: vaults_mumra_minichess_inversion, nicolae_vaults_network_s,
          grunt_vaults_funnel, hangedman_vaults_locks, ontoclasm_vaults_gallery,
          v_misc_1, nicolae_vaults_border_crossing, vaults_dpeg_cross,
          nicolae_vaults_ring_of_whatevers, vaults_dpeg_encased_lava,
          layout_vaults_ring
Vaults:2: v_misc_25, v_pattern_3, nicolae_vaults_diagonal_hallway_6,
          nicolae_vaults_sealed_display, nicolae_vaults_ninety_degrees,
          v_misc_10, nicolae_vaults_yaktaur_gun_rack, nicolae_vaults_big_ls,
          nicolae_vaults_little_squares_4, layout_vaults_omnigrid
Vaults:3: v_rooms_3, minmay_crypt_entry_necro_gods,
          nicolae_vaults_network_quinsquares
          [nicolae_vaults_network_quincunx_subvault,
          nicolae_vaults_network_quincunx_subvault,
          nicolae_vaults_network_quincunx_subvault,
          nicolae_vaults_network_quincunx_subvault], vaults_room_door_hall,
          vaults_mumra_hexcomb, ontoclasm_vaults_decontamination,
          hangedman_vaults_corner_blocks, nicolae_vaults_alarming,
          nicolae_vaults_circle_grid_b, v_alt_pattern_1, v_pattern_1,
          layout_vaults_omnicross
Vaults:4: nicolae_vaults_little_squares_3, hangedman_vaults_trim, v_misc_30,
          ontoclasm_vaults_shuriken, nicolae_vaults_triangles,
          vaults_standard_mumra_x, hangedman_vaults_corner, vaults_room_fours,
          layout_vaults_maze_snakey, serial_shops, shop
Vaults:5: serial_shops
Crypt:1:  layout_chaotic_city
Crypt:2:  layout_catacombs, uniq_frederick
Crypt:3:  due_elkab, layout_chaotic_city, tomb_entry_forgotten_bobbens,
          basic_altar
Depths:1: layout_long_grid, enter_ziggurat_f, chequers_serial_rivers_micro_e,
          rand_demon_pan_entry_4, hell_entry, mu_enter_wizlab_6,
          chequers_serial_rivers_large_a, hangedman_aviary
Depths:2: evilmike_cross, layout_cave_pools, hellmouth_1, abyss_entry,
          muffindrake_ghost_dual_entry, serial_glass, glass_columns_a,
          glass_columns_a, nrook_campfire, uniq_enchantress
Depths:3: grunt_runaround [grunt_runaround_doors_1, grunt_runaround_doors_2,
          grunt_runaround_doors_3, grunt_runaround_doors_4,
          grunt_runaround_loot], pan_entry, hell_entry, uniq_nikola
Depths:4: minmay_skeletal_surprise, layout_honeycomb,
          nicolae_ashenzari_panopticon, hangedman_abyss_entry_splay,
          serial_shops, shop, grunt_hell_entry_dis_mu, minivault_1,
          minmay_staircase_bubble
Depths:5: evilmike_zot_entry_gauntlet, layout_basic,
          hangedman_tar_grid_catacomb, pan_entry,
          chequers_serial_rivers_small_b, uniq_mennas, uniq_saint_roka
Zot:1:    layout_concentric_octagons
Zot:2:    layout_gridlike
Zot:3:    minmay_elemental_castle, layout_twisted_circle
Zot:4:    layout_concentric_octagons
Zot:5:    layout_misc_corridors, gammafunk_ghost_cemetery

Skill      XL: |  1  2  3  4  5  6  7  8  9 10 11 12 13 14 15 16 17 18 19 20 21 22 23 24 25 26 27 |
---------------+----------------------------------------------------------------------------------+-----
Transmutations | 3 4 5 6 7 10 13 15 17 | 17.6
Poison Magic   | 1 3 5 |  5.0
Spellcasting   | 3 4 6 10 11 12 | 12.8
Ice Magic      | 2 5 |  5.2
Unarmed Combat | 4 8 11 13 14 17 18 20 21 23 26 27 | 27.0
Charms         | 4 7 |  7.3
Invocations    | 6 12 13 20 | 20.5
Earth Magic    | 8 10 | 10.4
Shields        | 4 5 9 |  9.0
Dodging        | 4 10 | 10.0
Fighting       | 4 7 10 13 15 22 | 22.1
Armour         | 6 11 | 11.9
Translocations | 7 |  7.2
Evocations     | 9 |  9.5
Stealth        | 14 | 14.9
Air Magic      | 5 |  5.9

Action                   |  1- 3 |  4- 6 |  7- 9 | 10-12 | 13-15 | 16-18 | 19-21 | 22-24 | 25-27 || total
-------------------------+-------+-------+-------+-------+-------+-------+-------+-------+-------++-------
Melee: Unarmed           |    40 |   120 |   185 |   405 |   674 |   708 |   816 |  1011 |  1408 ||  5367
       Headbutt          |     4 |       |       |    10 |       |       |   265 |   361 |   448 ||  1088
       Dagger            |       |       |    77 |    15 |       |       |       |       |       ||    92
       Punch             |       |       |     3 |    27 |    67 |       |       |       |    11 ||   108
       Constrict         |       |       |       |       |   145 |   146 |   230 |   188 |   231 ||   940
       Staff             |       |       |       |       |     2 |       |     4 |       |       ||     6
       Tailslap          |       |       |       |       |       |       |       |       |     8 ||     8
       Bite              |       |       |       |       |       |       |       |       |     6 ||     6
 Fire: Hunting sling     |     4 |    41 |       |       |       |       |       |       |       ||    45
Throw: Stone             |       |     3 |     4 |     9 |    14 |    14 |    23 |       |     2 ||    69
 Cast: Beastly Appendage |     8 |     3 |       |     4 |       |       |       |       |       ||    15
       Spider Form       |       |    16 |    20 |     3 |       |       |       |       |       ||    39
       Ice Form          |       |       |     3 |    27 |     7 |     3 |       |       |       ||    40
       Song of Slaying   |       |       |       |     5 |    11 |     4 |     9 |    14 |    12 ||    55
       Statue Form       |       |       |       |     6 |    47 |    57 |    60 |    51 |    80 ||   301
       Blade Hands       |       |       |       |     1 |       |       |       |       |       ||     1
       Regeneration      |       |       |       |       |       |       |       |     6 |    45 ||    51
       Dragon Form       |       |       |       |       |       |       |       |       |     7 ||     7
Invok: Bend Time         |       |       |       |     5 |     3 |     1 |       |       |     1 ||    10
       Slouch            |       |       |       |       |     3 |     7 |     8 |     3 |    14 ||    35
       Temporal Distorti |       |       |       |       |     2 |     4 |     3 |       |     2 ||    11
 Abil: Spit Poison       |    44 |    17 |     9 |    23 |     3 |     1 |       |       |       ||    97
       End Transformatio |       |       |     1 |     9 |    11 |     2 |     3 |     2 |     7 ||    35
       Breathe Fire      |       |       |       |       |       |       |       |       |     1 ||     1
Evoke: Wand              |       |       |     2 |     7 |     3 |     2 |    12 |     1 |    35 ||    62
       Lamp of fire      |       |       |       |       |       |       |       |     1 |     1 ||     2
  Use: Scroll            |     4 |     2 |     6 |    16 |    12 |    10 |     5 |    18 |    24 ||    97
       Potion            |       |     1 |     4 |     7 |     1 |     5 |       |     2 |     3 ||    23
 Stab: Sleeping          |       |       |       |     3 |    11 |     9 |     5 |     7 |    16 ||    51
       Distracted        |       |       |       |       |       |     2 |     2 |     1 |     1 ||     6
       Invisible         |       |       |       |       |       |       |       |       |    11 ||    11
  Eat: Chunk             |     4 |     8 |    10 |     6 |    11 |    17 |    12 |    10 |     2 ||    80
       Ration            |       |       |     1 |     7 |     8 |     8 |     7 |     9 |    15 ||    55
Armor: Robe              |     6 |     9 |    19 |    38 |    83 |    48 |    26 |    32 |    64 ||   325
       Skin              |       |     2 |    10 |    68 |   342 |   166 |   322 |   296 |   392 ||  1598
Dodge: Dodged            |    24 |    98 |   206 |   244 |   421 |   356 |   735 |   733 |  1102 ||  3919
Block: Other             |       |       |       |       |    63 |     2 |       |       |       ||    65
       Shield            |       |       |       |       |    62 |   754 |  1390 |  1282 |  1313 ||  4801
       Reflection        |       |       |       |       |    10 |    61 |   205 |    75 |    24 ||   375
